 Dungeon Crawl Stone Soup version 0.32-a0-893-gf85d74f360 (webtiles) character file.

Game seed: 5359915914569780389

60 pokedragonboy the Grasshopper (level 4, 0/40 HPs)
             Began as a Naga Warper on Apr 3, 2024.
             Succumbed to a goblin's poison
             ... on level 2 of the Dungeon.
             The game lasted 00:03:30 (1296 turns).

pokedragonboy the Grasshopper (Naga Warper)         Turns: 1296, Time: 00:03:31

Health: 0/40       AC:  2    Str: 15    XL:     4   Next: 4%
Magic:  7/7        EV:  8    Int: 13    God:
Gold:   97         SH:  0    Dex: 11    Spells: 2/7 levels left

rFire   . . .        a - +0 hand axe
rCold   . . .        (no shield)
rNeg    . . .        b - +0 leather armour
rPois   +            (no helmet)
rElec   .            j - scarf {shadows}
rCorr   .            (no gloves)
SInv    +            (no barding)
Will    .....        (no amulet)
Stlth   +            (no ring)
HPRegen 0.26/turn    (no ring)
MPRegen 0.10/turn

%: no passive effects
@: lethally poisoned (0 -> -5), short of breath, attractive, very slow
A: AC +1, large, see invisible, deformed body, poison resistance, slowness 2,
spit poison 1, naga tail 1
a: Spit Poison


You were on level 2 of the Dungeon.
You visited 1 branch of the dungeon, and saw 2 of its levels.

You collected 97 gold pieces.

Inventory:

Hand Weapons
 a - a +0 hand axe (weapon)
Missiles
 d - 6 darts of dispersal
 g - 10 poisoned darts
Armour
 b - a +0 leather armour (worn)
 j - a scarf of shadows (worn)
Scrolls
 c - a scroll of blinking
 e - a scroll of teleportation
 h - a scroll of torment {unknown}
Potions
 f - a potion of attraction


   Skills:
 + Level 2.3 Fighting
 * Level 2.9 Axes
 - Level 0.8 Throwing
 - Level 0.7 Armour
 - Level 1.5 Dodging
 + Level 2.3 Spellcasting
 * Level 3.7 Translocations


You had 2 spell levels left.
You knew the following spells:

 Your Spells              Type           Power      Damage    Failure   Level
j - Teleport Other        Tloc           11%        N/A       21%         3
n - Blink                 Tloc           22%        N/A       10%         2

Your spell library contained the following spells:

 Spells                   Type           Power      Damage    Failure   Level
 Lesser Beckoning         Tloc           22%        N/A       10%         2
 Maxwell's Portable Pile  Tloc           11%        2d(6-16)  21%         3
 Vhi's Electric Charge    Tloc/Air       12%        N/A       80%         4


Dungeon Overview and Level Annotations

Branches:
Dungeon (2/15)

Altars:

Annotations:
D:2 Robin


Innate Abilities, Weirdness & Mutations

Your serpentine skin is tough. (AC +1)
You have supernaturally acute eyesight. (SInv)
Armour fits poorly on your strangely shaped body.
Your system is resistant to poisons. (rPois)
You cover ground very slowly.
You can spit poison.
You have a snake-like lower body.


Message History

The goblin is moderately wounded.
You hit the goblin.
You kill the goblin!
The goblin hits you but does no damage.
You closely miss the goblin.
The goblin is moderately wounded.
You hit Robin. Robin hits you but does no damage.
The goblin hits you but does no damage.
You barely miss Robin.
Robin is lightly wounded.
You barely miss the goblin.
You have got your breath back.
Robin throws the goblin at you!
The goblin hits you but does no damage. x2
Robin hits you but does no damage. The goblin hits you but does no damage.
You are lethally poisoned!
The goblin hits you but does no damage.
Aiming: Spit Poison (1% risk of failure)
Press: ? - help, Q - select action, (/) - cycle Shift-Dir - straight line, f - Robin
Aim: Robin, wielding a +0 club, wearing a +0 animal skin and wearing a +0 helmet (lightly wounded, 70% to hit)
The splash of poison hits Robin!
Robin is poisoned.
Robin is severely wounded.
* * * LOW HITPOINT WARNING * * *
You feel very sick. Robin hits you but does no damage.
The goblin hits you but does no damage. x2
Okay, then.
You hit Robin.
Robin is severely wounded.
You hit the goblin. You barely miss the goblin.
* * * LOW HITPOINT WARNING * * *
You feel sick. Robin hits you but does no damage.
The goblin hits you but does no damage. x2
Unknown command.
You hit the goblin.
The goblin is severely wounded.
You hit Robin. You barely miss the goblin.
You feel less wooden.
Your scarf of shadows unmelds from your body.
Your +0 leather armour unmelds from your body.
It gets dark.
You die...

## +.... # #.
#.... #.#.
#.... ##.#.
#.... .#....
#....
>.....###
#.... #.)..##
#....
#..#..#####
#....
.g..g##..g@g##
##### ..###.
#####g.# . #.
###.#### #.
#......## #.
#...##..#####
#...###.....#
## #...#
#####.# #.
#...# #.# #.
#...# #.# ##.


You could see Robin (poisoned) and 2 goblins.

Vanquished Creatures
  3 dart slugs
  A ribbon worm (D:2)
  6 ball pythons
  An endoplasm (D:1)
  3 giant cockroaches (D:1)
  14 goblins
  4 hobgoblins
  7 bats
  2 frilled lizards (D:1)
  4 kobolds
  3 rats
48 creatures vanquished.

Notes
Turn   | Place    | Note
-------+----------+-------------------------------------------
     0 | D:1      | pokedragonboy the Naga Warper began the quest for the Orb.
     0 | D:1      | Reached XP level 1. HP: 19/19 MP: 3/3
   161 | D:1      | Reached XP level 2. HP: 22/26 MP: 5/5
   519 | D:1      | Reached XP level 3. HP: 32/32 MP: 6/6
   522 | D:1      | Learned a level 2 spell: Blink
   526 | D:1      | Learned a level 3 spell: Teleport Other
   828 | D:1      | Found a faded altar of an unknown god.
  1274 | D:2      | Noticed Robin
  1283 | D:2      | HP: 2/49 [goblin/+0 dagger[Robin] (2)]
  1289 | D:2      | Reached XP level 4. HP: 4/40 MP: 7/7
  1294 | D:2      | HP: 3/60 [poisoned by a goblin]
  1295 | D:2      | HP: 1/60 [poisoned by a goblin]
  1296 | D:2      | Succumbed to a goblin's poison

Illustrated notes

Levels and vault maps discovered:
D:1:      minmay_arrival_four_loops, layout_loops_cross,
          shapermc_ecumenical_altar_hornbeckon
D:2:      layout_basic, basic_altar, uniq_robin, uniq_natasha

Action                     |  1- 3 |  4- 6 || total
---------------------------+-------+-------++-------
  Melee: Hand axe          |   145 |     6 ||   151
  Throw: Dart              |     1 |       ||     1
Ability: Spit Poison       |     4 |     2 ||     6
    Use: Potion            |     2 |       ||     2
         Scroll            |     1 |       ||     1
 Armour: Leather armour    |   138 |       ||   138
         Skin              |    17 |    17 ||    34
  Dodge: Dodged            |    75 |       ||    75

Table legend: (Time is in decaauts)
 A = Elapsed time spent in this place.
 B = Non-inter-level travel time spent in this place.
 C = Inter-level travel time spent in this place.
 D = Time resting spent in this place.
 E = Time spent auto-exploring this place.
 F = Levels seen in this place.
 G = Mean time per level.
                   A        B        C        D        E       F      G
               +--------+--------+--------+--------+--------+-----+--------+
         Total |   1652 |   1614 |     38 |      0 |   1210 |   2 |  826.0 |
       Dungeon |   1652 |   1614 |     38 |      0 |   1210 |   2 |  826.0 |
               +--------+--------+--------+--------+--------+-----+--------+

Top non-repeatable levels by time:
     D:1: 1293 daAuts
     D:2: 359 daAuts
